 Dungeon Crawl Stone Soup version 0.19.5 (webtiles) character file.

323370 Peloso the Hoplite (level 20, -10/189 HPs)
             Began as a Minotaur Fighter on Apr 19, 2017.
             Was a High Priest of Okawaru.
             Mangled by an earth elemental (20 damage)
             ... summoned by a deep elf elementalist
             ... on level 2 of the Elven Halls.
             The game lasted 03:48:32 (64329 turns).

Peloso the Hoplite (Minotaur Fighter)              Turns: 64329, Time: 03:48:33

Health: -10/189    AC: 31    Str: 29    XL:     20   Next: 69%
Magic:  20/21      EV: 15    Int:  8    God:    Okawaru [*****.]
Gold:   1725       SH: 30    Dex: 16    Spells: 0 memorised, 19 levels left

rFire  + . .     SeeInvis .     a - +2 long sword "Axikil" {flame, rC+ Int+3}
rCold  + + +     Gourm    .     k - +0 crystal plate armour
rNeg   . . .     Faith    +     r - +2 large shield
rPois  +         Spirit   .     F - +2 hat {MR+}
rElec  +         Reflect  .     i - +1 cloak {rPois}
rCorr  +         Harm     .     h - +2 pair of gloves {archery}
MR     ++++.                    b - +0 pair of boots "Qengil Zonask" {rC+ MR+ Str+3}
Stlth  ..........               I - amulet of Harmony {Faith *Contam rElec MR+}
                                g - +2 ring of dexterity
                                M - +4 ring of protection

@: resistant, heroism, corroded
A: retaliatory headbutt, horns 2, subdued magic 1
a: Heroism, Finesse, Renounce Religion
}: 2/15 runes: decaying, serpentine


You were on level 2 of the Elven Halls.
You worshipped Okawaru.
Okawaru was extremely pleased with you.
You were not hungry.

You visited 8 branches of the dungeon, and saw 37 of its levels.
You visited 2 bazaars.
You also visited: Labyrinth, Sewer and Ice Cave.

You collected 4164 gold pieces.
You spent 2439 gold pieces at shops.

Inventory:

Hand Weapons
 a - the +2 long sword "Axikil" (weapon) {flame, rC+ Int+3}
   (Okawaru gifted it to you on level 13 of the Dungeon)

   It has been specially enchanted to burn those struck by it, causing extra
   injury to most foes and up to half again as much damage against particularly
   susceptible opponents.
   Big, fiery blades are also staple armaments of hydra-hunters.
   It affects your intelligence (+3).
   It protects you from cold.
 l - the +3 scimitar "Nyadobru" {protect, rPois rC+}
   (Okawaru gifted it to you on level 2 of the Elven Halls)

   It protects the one who uses it against injury (+AC on strike).
   It protects you from cold.
   It protects you from poison.
 B - the +4 long sword "Wamejio" {slice, Stlth+}
   (Okawaru gifted it to you on level 14 of the Dungeon)

   It inflicts extra damage upon your enemies.
   It makes you more stealthy.
Armour
 b - the +0 pair of boots "Qengil Zonask" (worn) {rC+ MR+ Str+3}
   (You bought it in a shop in a bazaar)

   It affects your strength (+3).
   It protects you from cold.
   It affects your resistance to hostile enchantments.
 h - a +2 pair of gloves of archery (worn)
 i - a +1 cloak of poison resistance (worn)
 k - a +0 crystal plate armour (worn)
 o - the +27 Lear's hauberk
   (Okawaru gifted it to you on level 2 of the Vaults)
 r - a +2 large shield (worn)
 F - a +2 hat of magic resistance (worn)
 J - the +0 shield "Zaupolapn" {rC+ Int+4}
   (Okawaru gifted it to you on level 3 of the Elven Halls)

   It affects your intelligence (+4).
   It protects you from cold.
Jewellery
 g - a +2 ring of dexterity (right hand)
 s - an uncursed ring of protection from cold
 x - an uncursed ring of protection from magic
 A - an uncursed ring of see invisible
 D - a +4 amulet of reflection
 I - the amulet of Harmony (around neck) {Faith *Contam rElec MR+}
   (You bought it in a shop in a bazaar)

   [amulet of faith]

   It allows you to gain divine favour quickly.
   It insulates you from electricity.
   It affects your resistance to hostile enchantments.
   It causes magical contamination when unequipped.
 K - a +6 ring of evasion
 M - a +4 ring of protection (left hand)
Wands
 t - a wand of confusion (21/48)
 v - a wand of disintegration (20/24)
 Q - a wand of hasting (4/9)
Scrolls
 j - 8 scrolls of recharging
 n - 8 scrolls of teleportation
 p - 3 scrolls of magic mapping
 q - 4 scrolls of holy word
 u - 15 scrolls of remove curse
 y - 3 scrolls of blinking
 G - 2 scrolls of identify
 H - a scroll of enchant weapon
 O - 3 scrolls of fear
 T - a scroll of silence
Potions
 c - 5 potions of resistance
 d - 8 potions of might
 e - 22 potions of curing
 z - 5 potions of haste
 C - 7 potions of agility
 N - 4 potions of invisibility
 X - a potion of berserk rage
Books
 m - a book of Debilitation

   Spells                             Type                      Level
   a - Corona                         Hexes                        1
   b - Slow                           Hexes                        2
   c - Gell's Gravitas                Hexes/Translocation          3
   d - Inner Flame                    Hexes/Fire                   3
   e - Cause Fear                     Hexes                        4
   f - Leda's Liquefaction            Hexes/Earth                  4
Comestibles
 f - 20 bread rations
 E - 7 meat rations


   Skills:
 + Level 18.8(23.8) Fighting
 + Level 19.4(24.4) Long Blades
   Level 2.2(7.2) Maces & Flails
 + Level 17.3(22.3) Armour
 + Level 8.2(13.2) Dodging
 + Level 2.6(7.6) Stealth
 + Level 26.2(27) Shields
 + Level 0.4(5.4) Unarmed Combat
 + Level 3.3 Invocations
 + Level 1.7 Evocations


You had 19 spell levels left.
You didn't know any spells.

Dungeon Overview and Level Annotations

Branches:
Dungeon (15/15)            Temple (1/1) D:4            Lair (6/6) D:11
  Swamp (4/4) Lair:2        Snake (4/4) Lair:3        Slime (0/5) Lair:6
    Orc (2/2) D:9             Elf (3/3) Orc:2        Vaults (2/5) D:14
  Crypt (0/3) Vaults:2     Depths (0/5) D:15

Altars:
Ashenzari
Cheibriados
Dithmenos
Elyvilon
Fedhas
Gozag
Hepliaklqana
Kikubaaqudgha
Makhleb
Nemelex Xobeh
Okawaru
Qazlal
Ru
Sif Muna
Trog
Uskayaw
Vehumet
Xom
Yredelemnul
Zin
The Shining One
Beogh

Shops:
D:10 }   Orc:2 :([(   Elf:2 (   Snake:1 }==

Annotations:
D:11 exclusion: 2 oklob plants
Snake:4 exclusion: Roxanne, Roxanne


Innate Abilities, Weirdness & Mutations

You reflexively headbutt those who attack you in melee.
You have a pair of horns on your head.
Your spells are a little easier to cast, but a little less powerful.


Message History

You block the earth elemental's attack.
You closely miss the deep elf sorcerer.
The deep elf sorcerer is almost dead.
The deep elf elementalist closely misses you.
You riposte.
You slash the deep elf elementalist! You burn the deep elf elementalist!
You headbutt the deep elf elementalist, but do no damage.
The deep elf elementalist is heavily wounded.
The deep elf sorcerer casts a spell at you.
The bolt of acid hits you!
* * * LOW HITPOINT WARNING * * *
The acid corrodes you!
You are splashed with acid!
The acid burns!
* * * LOW HITPOINT WARNING * * *
Evoke which item? (* to show all) (? for menu, Esc to quit)
Okay, then.
You feel protected.
You block the deep elf sorcerer's attack.
You block the deep elf elementalist's attack.
The earth elemental hits you!!
You die...

##...................
##.............(....
###################
#### #### ##########
#..###..###........#
##.................#
##(.....##.........#
#..))[..##.........##
#..e@E..##.....)....#
#..e)[.............(#
#.......##..........#
#.#...#[##......(....
#.##..#.##.......))..
#.###.#.........)<)..
#.###.#..........[)..
#.(..................
##.##........###.....


You could see a deep elf sorcerer, a deep elf elementalist and an earth
elemental.

Vanquished Creatures
  Vashnia (Snake:4)
  Rupert (Snake:1)
  2 deep elf blademasters (Elf:2)
  2 deep elf master archers
  The ghost of maxonian the Eclecticist, an adept DsVM of Sif Muna (IceCv)
  Kirke (Snake:1)
  3 thorn hunters
  13 nagarajas
  An orc warlord (Orc:1)
  5 deep elf sorcerers
  A frost giant (IceCv)
  Aizul (Snake:1)
  7 vault wardens
  A curse skull (Vaults:2)
  A ghoul (Vaults:1)
  3 deep elf elementalists
  5 ironheart preservers
  A stone giant (Vaults:1)
  6 deep elf demonologists
  4 deep elf annihilators
  A minotaur (Lab)
  An eidolon (Vaults:2)
  An ettin (Orc:1)
  Josephine (D:12)
  2 deep elf death magi
  5 deep elf high priests
  5 yaktaur captains
  A fire dragon (Vaults:1)
  2 ice dragons
  2 rakshasas (Vaults:1)
  3 vault guards
  3 ogre magi
  15 naga warriors
  23 hydras
  The ghost of smzp the Basher, a novice OgMo of Makhleb (D:9)
  A ghost crab (Swamp:2)
  4 death knights
  A merfolk avatar (Lair:6)
  26 dancing weapons
  8 anacondas
  4 centaur warriors
  6 alligators
  8 death yaks
  19 naga sharpshooters
  A tengu warrior (D:13)
  9 shock serpents
  3 orc high priests
  14 deep elf knights
  3 skeletal warriors (Vaults:1)
  9 sea snakes (Snake:4)
  2 unseen horrors (Vaults:1)
  16 deep elf archers
  4 naga ritualists
  2 spriggan druids (Swamp:4)
  3 wizards
  9 swamp dragons
  2 ironbrand convokers
  10 hill giants
  4 shambling mangroves
  6 orc knights
  2 phantasmal warriors
  3 necromancers
  12 mana vipers
  Pikel (D:7)
  62 deep elf magi
  8 salamanders
  7 orc sorcerers
  6 cyclopes
  3 manticores
  16 ugly things
  4 centaur zombies
  4 elephants (Lair:6)
  39 black mambas
  7 vault sentinels
  An ice statue (IceCv)
  A frost giant skeleton (Vaults:2)
  Psyche (D:9)
  11 guardian serpents
  A torpor snail (Lair:5)
  24 spiny frogs
  21 naga magi
  5 gargoyles
  2 kobold demonologists
  6 rime drakes
  An efreet (D:15)
  5 freezing wraiths
  33 yaktaurs
  18 komodo dragons
  A yaktaur skeleton (Vaults:2)
  7 trolls
  21 polar bears
  A queen bee (D:9)
  6 tyrant leeches
  3 wind drakes (Lair:6)
  6 bog bodies
  11 two-headed ogres
  21 slime creatures
  Prince Ribbit (D:7)
  16 hornets
  A minotaur skeleton (Lab)
  An ettin zombie (Vaults:2)
  6 hippogriffs
  4 air elementals
  3 redbacks (Lab)
  A spriggan (shapeshifter) (D:14)
  2 vampires
  9 spriggans
  Sigmund (D:6)
  2 water elementals
  3 shadows
  9 wraiths
  2 wyverns (Lair:6)
  54 yaks
  3 fire elementals
  4 hogs
  3 basilisks
  A hog (shapeshifter) (D:14)
  A steam dragon (D:8)
  8 vampire mosquitoes
  3 hungry ghosts
  6 insubstantial wisps (Swamp:2)
  Menkaure (D:5)
  3 wargs
  A mottled dragon (Lair:3)
  19 swamp worms
  57 nagas
  A hell hound (shapeshifter) (Vaults:1)
  A porcupine (shapeshifter) (D:14)
  9 water moccasins
  15 swamp drakes
  20 porcupines
  5 sky beasts
  A slave (D:7)
  6 ice beasts
  2 phantoms
  A hornet zombie (D:15)
  2 eyes of draining (D:13)
  34 orc warriors
  2 necrophages
  2 black bears
  15 ogres
  20 wolves
  6 boggarts
  12 centaurs
  17 crocodiles
  8 big kobolds
  10 bullfrogs
  2 gnoll sergeants
  An earth elemental (Elf:1)
  A scorpion (shapeshifter) (Vaults:2)
  2 scorpions
  2 human simulacra
  15 killer bees (D:9)
  4 wights (D:6)
  6 crimson imps
  A bullfrog zombie (D:11)
  4 hounds
  22 orc wizards
  Crazy Yiuf (D:7)
  18 orc priests
  2 bullfrog skeletons
  4 jellies
  7 centaur skeletons
  2 iguanas
  15 worker ants
  A hound zombie (D:10)
  3 hound skeletons
  2 worker ant zombies
  9 gnolls
  12 adders
  A howler monkey skeleton (D:6)
  4 river rats
  4 shadow imps
  12 white imps (D:13)
  2 oozes
  18 worms
  6 dart slugs
  4 leopard geckos
  94 orcs
  11 giant cockroaches
  3 goblins
  7 hobgoblins
  15 jackals
  5 quokkas
  8 ball pythons
  16 bats
  7 frilled lizards
  29 kobolds
  A quokka zombie (D:5)
  38 rats
  A fungus (D:11)
  6 plants
1523 creatures vanquished.

Vanquished Creatures (others)
  A salamander mystic (Snake:3)
  4 polar bears (IceCv)
  2 nagas
  A swamp drake (Swamp:1)
  A slave (D:7)
  A boggart (Vaults:2)
  3 wolves (IceCv)
  A bullfrog (D:7)
  2 orcs (D:8)
  12 fungi
  14 plants
42 creatures vanquished.

Grand Total: 1565 creatures vanquished

Notes
Turn   | Place    | Note
-------+----------+-------------------------------------------
     0 | D:1      | Peloso the Minotaur Fighter began the quest for the Orb.
     0 | D:1      | Reached XP level 1. HP: 19/19 MP: 0/0
   172 | D:1      | Reached XP level 2. HP: 22/27 MP: 1/1
   284 | D:1      | Reached skill level 4 in Shields
   388 | D:1      | Reached XP level 3. HP: 23/33 MP: 2/2
   804 | D:2      | Reached skill level 1 in Dodging
   819 | D:2      | Reached XP level 4. HP: 17/40 MP: 3/3
  1231 | D:2      | Found a white marble altar of Elyvilon.
  1978 | D:3      | Reached XP level 5. HP: 42/46 MP: 4/4
  2003 | D:3      | Found a hazy altar of Hepliaklqana.
  2514 | D:4      | Reached skill level 5 in Shields
  2591 | D:4      | Found a staircase to the Ecumenical Temple.
  2595 | Temple   | Entered the Ecumenical Temple
  3211 | D:5      | Entered Level 5 of the Dungeon
  3238 | D:5      | Reached XP level 6. HP: 53/53 MP: 5/5
  3299 | D:5      | Reached skill level 5 in Long Blades
  3306 | D:5      | Noticed an ice beast
  3313 | D:5      | Killed an ice beast
  3313 | D:5      | Reached skill level 1 in Stealth
  3343 | D:5      | HP: 2/53 [ogre/giant club (13)]
  3646 | D:5      | Reached skill level 5 in Armour
  3646 | D:5      | Reached XP level 7. HP: 45/60 MP: 6/6
  3680 | D:5      | Noticed Menkaure
  3691 | D:5      | Killed Menkaure
  3691 | D:5      | Reached skill level 5 in Fighting
  3691 | D:5      | Reached skill level 6 in Shields
  4156 | D:5      | Reached XP level 8. HP: 69/69 MP: 7/7
  4368 | D:6      | Found a glowing drain.
  4387 | D:6      | Found a radiant altar of Vehumet.
  4430 | Sewer    | Entered a sewer
  4960 | Sewer    | Reached skill level 7 in Shields
  6113 | D:6      | Noticed Sigmund
  6120 | D:6      | Killed Sigmund
  6157 | D:6      | Reached skill level 8 in Shields
  6169 | D:6      | Found a blossoming altar of Fedhas.
  6334 | D:7      | Found an iron altar of Okawaru.
  6338 | D:7      | Reached XP level 9. HP: 78/78 MP: 8/8
  6350 | D:7      | Became a worshipper of Warmaster Okawaru
  6428 | D:7      | Noticed Pikel
  6447 | D:7      | Killed Pikel
  6673 | D:7      | Noticed Prince Ribbit
  6684 | D:7      | Killed Prince Ribbit
  6684 | D:7      | Reached * piety under Okawaru
  6849 | D:7      | Reached skill level 9 in Shields
  6967 | D:7      | Found a runed door.
  7194 | D:7      | Noticed Crazy Yiuf
  7198 | D:7      | Killed Crazy Yiuf
  7247 | D:8      | Reached ** piety under Okawaru
  7247 | D:8      | Reached skill level 10 in Long Blades
  7693 | D:8      | Found a faded altar of an unknown god.
  7693 | D:8      | Found a faded altar of an unknown god.
  7698 | D:8      | Found a faded altar of an unknown god.
  7700 | D:8      | Found a glowing golden altar of the Shining One.
  7702 | D:8      | Found a faded altar of an unknown god.
  7781 | D:8      | Reached XP level 10. HP: 60/88 MP: 9/9
  7967 | D:8      | Found a shimmering altar of Xom.
  7981 | D:9      | Noticed smzp's ghost (novice OgMo)
  8013 | D:9      | HP: 1/88 [smzp's ghost (21)]
  8014 | D:9      | Killed smzp's ghost
  8364 | D:9      | Found an ancient bone altar of Kikubaaqudgha.
  8412 | D:9      | Found a sacrificial altar of Ru.
  8412 | D:9      | Noticed a hill giant
  8425 | D:9      | Killed a hill giant
  8425 | D:9      | Reached *** piety under Okawaru
  8425 | D:9      | Reached skill level 10 in Shields
  8553 | D:9      | Noticed Psyche
  8563 | D:9      | Killed Psyche
  8563 | D:9      | Reached skill level 1 in Invocations
  8760 | D:9      | Found a staircase to the Orcish Mines.
  8959 | D:9      | Reached **** piety under Okawaru
  9454 | D:9      | Found a hide-covered altar of Uskayaw.
  9492 | D:10     | Entered Level 10 of the Dungeon
  9564 | D:10     | Found Keimuser's Gadget Shop.
  9658 | D:10     | Noticed a hill giant
  9670 | D:10     | Killed a hill giant
  9670 | D:10     | Reached skill level 11 in Shields
  9670 | D:10     | Reached XP level 11. HP: 69/95 MP: 10/10
  9778 | D:10     | Noticed a hill giant
  9788 | D:10     | Killed a hill giant
 10565 | D:10     | Reached ***** piety under Okawaru
 11035 | D:10     | Noticed a centaur warrior
 11046 | D:10     | Killed a centaur warrior
 11361 | D:11     | Found a blossoming altar of Fedhas.
 11363 | D:11     | Noticed an oklob plant
 11363 | D:11     | Noticed an oklob plant
 11380 | D:11     | Noticed a purple ugly thing
 11401 | D:11     | Killed a purple ugly thing
 11762 | D:11     | Found a staircase to the Lair.
 11970 | Lair:1   | Entered Level 1 of the Lair of Beasts
 11976 | Lair:1   | Received a gift from Okawaru
 12008 | Lair:1   | Found a labyrinth entrance.
 12041 | Lab      | Entered a labyrinth
 12078 | Lab      | Reached skill level 12 in Shields
 12561 | Lab      | Reached skill level 10 in Fighting
 12799 | Lab      | Noticed a minotaur
 12803 | Lab      | Noticed a green ugly thing
 12803 | Lab      | Noticed a green ugly thing
 12809 | Lab      | Killed a minotaur
 12809 | Lab      | Reached XP level 12. HP: 59/106 MP: 9/12
 13740 | Lair:2   | Noticed a seven-headed hydra
 13756 | Lair:2   | Killed a seven-headed hydra
 14000 | Lair:2   | Reached skill level 10 in Armour
 14009 | Lair:2   | Reached ****** piety under Okawaru
 14031 | Lair:2   | Reached skill level 1 in Maces & Flails
 14170 | Lair:2   | Received a gift from Okawaru
 14232 | Lair:2   | Reached skill level 13 in Shields
 14913 | Lair:2   | Noticed a death yak
 14929 | Lair:2   | Noticed a death yak
 14932 | Lair:2   | Noticed a death yak
 14936 | Lair:2   | Killed a death yak
 14944 | Lair:2   | Killed a death yak
 14958 | Lair:2   | Killed a death yak
 15054 | Lair:2   | Received a gift from Okawaru
 15101 | Lair:2   | Found a staircase to the Swamp.
 15311 | Lair:3   | Reached skill level 5 in Dodging
 15408 | Lair:3   | Found an ancient bone altar of Kikubaaqudgha.
 15686 | Lair:3   | Found a staircase to the Snake Pit.
 16456 | Lair:4   | Reached skill level 14 in Shields
 16777 | Lair:4   | Reached XP level 13. HP: 116/116 MP: 13/13
 16932 | Lair:5   | Found a sparkling altar of Nemelex Xobeh.
 17173 | Lair:5   | Gained mutation: You have a pair of large horns on your head. [potion of beneficial mutation]
 17174 | Lair:5   | Lost mutation: You have a pair of large horns on your head. [potion of cure mutation]
 17863 | D:12     | Noticed Josephine
 17882 | D:12     | Killed Josephine
 18157 | D:12     | Got an ichor-stained chain mail
 18168 | D:12     | Identified the cursed +1 chain mail of Circular Logic {-Tele rN+ Regen+ Str+3} (You found it on level 12 of the Dungeon)
 18225 | D:12     | Got a jewelled mace
 18398 | D:12     | Reached skill level 1 in Evocations
 18735 | D:12     | Found an opulent altar of Gozag.
 19168 | D:11     | Reached skill level 15 in Long Blades
 19290 | D:13     | Reached skill level 15 in Shields
 19403 | D:13     | Received a gift from Okawaru
 19406 | D:13     | Got a twisted long sword {god gift}
 19407 | D:13     | Identified the +2 long sword "Axikil" {flame, rC+ Int+3} (Okawaru gifted it to you on level 13 of the Dungeon)
 19471 | D:13     | Found a frozen archway.
 19480 | IceCv    | Entered an ice cave
 19894 | IceCv    | Got a dazzling rapier
 20141 | IceCv    | Reached XP level 14. HP: 121/127 MP: 14/14
 20185 | IceCv    | Noticed maxonian's ghost (adept DsVM)
 20217 | IceCv    | Killed maxonian's ghost
 20217 | IceCv    | Received a gift from Okawaru
 20442 | IceCv    | Noticed a frost giant
 20470 | IceCv    | Killed a frost giant
 20474 | IceCv    | Reached skill level 16 in Shields
 20546 | IceCv    | Got a shimmering chain mail
 20557 | IceCv    | Identified the cursed +1 chain mail of the Bouncing Blessings {rElec rF- MP+9 Int-3} (You found it in an ice cave)
 21342 | Lair:1   | Lost intelligence.
 21342 | Lair:1   | Identified the cursed +0 rapier "Undertaker" {protect, Int-5 Dex+7} (You found it in an ice cave)
 22124 | D:14     | Received a gift from Okawaru
 22127 | D:14     | Got an ebony long sword {god gift}
 22128 | D:14     | Identified the +4 long sword "Wamejio" {slice, Stlth+} (Okawaru gifted it to you on level 14 of the Dungeon)
 22266 | D:14     | Found a gate to the Vaults.
 22821 | Lair:6   | Entered Level 6 of the Lair of Beasts
 22832 | Lair:6   | Found a staircase to the Slime Pits.
 23297 | Lair:6   | Reached skill level 17 in Shields
 23305 | Lair:6   | Received a gift from Okawaru
 23872 | Lair:6   | Reached XP level 15. HP: 66/138 MP: 15/15
 24767 | D:15     | Entered Level 15 of the Dungeon
 24895 | D:15     | Received a gift from Okawaru
 25223 | D:15     | Found a staircase to the Depths.
 25844 | Orc:1    | Entered Level 1 of the Orcish Mines
 26217 | Orc:2    | Entered Level 2 of the Orcish Mines
 26243 | Orc:1    | Reached skill level 18 in Shields
 26583 | Orc:2    | Found a roughly hewn altar of Beogh.
 26707 | Orc:2    | Found a roughly hewn altar of Beogh.
 26709 | Orc:2    | Found Qylia's Weapon Shop.
 26810 | Orc:2    | Found a staircase to the Elven Halls.
 26936 | Orc:2    | Found a roughly hewn altar of Beogh.
 27081 | Orc:2    | Found a roughly hewn altar of Beogh.
 27453 | Orc:2    | Noticed an orc warlord
 27495 | Orc:1    | Killed an orc warlord
 28070 | Orc:2    | Found Naytsek's Antique Armour Boutique.
 28071 | Orc:2    | Found a roughly hewn altar of Beogh.
 28072 | Orc:2    | Found Xish's Antique Weapon Shop.
 28079 | Orc:2    | Bought a spiked buckler for 275 gold pieces
 28089 | Orc:2    | Identified the -8 buckler of Miracles {MR+} (You bought it in a shop on level 2 of the Orcish Mines)
 28245 | Orc:2    | Found a roughly hewn altar of Beogh.
 28274 | Orc:2    | Found Epleitob's Book Boutique.
 28308 | Orc:2    | Found a roughly hewn altar of Beogh.
 28897 | Snake:1  | Entered Level 1 of the Snake Pit
 29183 | Snake:1  | Noticed Aizul
 29214 | Snake:1  | Killed Aizul
 29826 | Snake:1  | Found Utamaoj's Gadget Emporium.
 29827 | Snake:1  | Found Xousoin's Jewellery Boutique.
 29827 | Snake:1  | Found Nimei's Jewellery Boutique.
 29841 | Snake:1  | Bought an uncursed ring of see invisible for 150 gold pieces
 29841 | Snake:1  | Bought a +4 amulet of reflection for 250 gold pieces
 29841 | Snake:1  | Bought an uncursed ring of resist corrosion for 200 gold pieces
 29845 | Snake:1  | Bought an uncursed amulet of faith for 480 gold pieces
 29958 | Snake:1  | Received a gift from Okawaru
 29973 | Snake:1  | Noticed Rupert
 29982 | Snake:1  | Killed Rupert
 30103 | Snake:1  | Noticed Kirke
 30497 | Snake:1  | Killed Kirke
 30497 | Snake:1  | Reached skill level 19 in Shields
 30784 | Snake:2  | Noticed a nagaraja
 30808 | Snake:2  | Killed a nagaraja
 30808 | Snake:2  | Received a gift from Okawaru
 30808 | Snake:2  | Reached XP level 16. HP: 44/147 MP: 17/17
 30836 | Snake:2  | Reached skill level 15 in Fighting
 33080 | Snake:3  | Received a gift from Okawaru
 34529 | Snake:3  | Reached skill level 20 in Shields
 35323 | Swamp:1  | Entered Level 1 of the Swamp
 35333 | Swamp:1  | Found a sacrificial altar of Ru.
 36297 | Swamp:2  | Received a gift from Okawaru
 36301 | Swamp:2  | Got a scorched scimitar {god gift}
 36302 | Swamp:2  | Identified the +3 scimitar of the Rattle-Snake {holy, *Noise rPois rN++} (Okawaru gifted it to you on level 2 of the Swamp)
 37256 | Swamp:3  | Received a gift from Okawaru
 37431 | Swamp:3  | Reached XP level 17. HP: 138/158 MP: 18/18
 38214 | Swamp:4  | Entered Level 4 of the Swamp
 38768 | Swamp:4  | Received a gift from Okawaru
 38774 | Swamp:4  | Got a crude double sword {god gift}
 38775 | Swamp:4  | Identified the +1 double sword "Jaozenye" {slice, rF++} (Okawaru gifted it to you on level 4 of the Swamp)
 39503 | Swamp:4  | Reached skill level 21 in Shields
 39680 | Swamp:3  | Received a gift from Okawaru
 40510 | Swamp:4  | Got a decaying rune of Zot
 40929 | Snake:4  | Entered Level 4 of the Snake Pit
 41731 | Snake:4  | Reached skill level 15 in Armour
 41837 | Snake:4  | Noticed Roxanne
 42599 | Snake:4  | Received a gift from Okawaru
 43024 | Snake:4  | Noticed Vashnia
 43687 | Snake:4  | Killed Vashnia
 44074 | Snake:4  | Reached skill level 22 in Shields
 44190 | Snake:4  | Reached XP level 18. HP: 83/168 MP: 13/19
 44492 | Snake:4  | Received a gift from Okawaru
 46634 | Snake:4  | Received a gift from Okawaru
 46939 | Snake:4  | Reached skill level 23 in Shields
 47018 | Snake:4  | Got a serpentine rune of Zot
 47382 | Vaults:1 | Entered Level 1 of the Vaults
 48546 | Vaults:1 | Received a gift from Okawaru
 48830 | Vaults:1 | Received a gift from Okawaru
 48866 | Vaults:1 | Got a twisted large shield {god gift}
 48877 | Vaults:1 | Identified the +3 large shield "Abuef" {*Corrode rC+ Dex+6} (Okawaru gifted it to you on level 1 of the Vaults)
 48988 | Vaults:1 | Got an amber-encrusted plate armour
 49377 | Vaults:1 | Identified the Incunabulum of the Destructive Escort
 49955 | Vaults:1 | Reached XP level 19. HP: 173/177 MP: 20/20
 50353 | Vaults:1 | Reached skill level 24 in Shields
 50648 | Lair:1   | Identified the +1 plate armour of Resonance {rC+} (You found it on level 1 of the Vaults)
 50849 | Elf:1    | Entered Level 1 of the Elven Halls
 50925 | Elf:1    | Received a gift from Okawaru
 51016 | Elf:1    | Identified Ajokkae's Disquisition on the Entourage
 51443 | Elf:1    | Found a flickering gateway to a bazaar.
 51452 | Bazaar   | Entered a bazaar
 51454 | Bazaar   | Found Tenou's Jewellery Boutique.
 51458 | Bazaar   | Found Mievyink's General Store.
 51458 | Bazaar   | Found Koewenei's Jewellery Boutique.
 51458 | Bazaar   | Found Mocaest's Assorted Antiques.
 51504 | Bazaar   | Bought the amulet of Harmony {Faith *Contam rElec MR+} for 864 gold pieces
 51560 | Bazaar   | Bought a scroll of teleportation for 39 gold pieces
 51560 | Bazaar   | Bought a potion of curing for 39 gold pieces
 51702 | Elf:1    | Found a deep blue altar of Sif Muna.
 51857 | Elf:2    | Found Abbe Suo's Antique Weapon Boutique.
 52022 | Elf:2    | Found a huge runed gate.
 52022 | Elf:2    | Found a huge runed gate.
 52023 | Elf:2    | Found a huge runed gate.
 52024 | Elf:2    | Found a huge runed gate.
 52032 | Elf:2    | Found a huge runed gate.
 52254 | Elf:2    | Got an ancient plate armour
 52580 | Elf:2    | Identified the cursed +0 plate armour of Agoraphobia {rN+ Dex+4} (You found it on level 2 of the Elven Halls)
 54420 | Elf:2    | Received a gift from Okawaru
 54423 | Elf:2    | Got a steaming scimitar {god gift}
 54424 | Elf:2    | Identified the +3 scimitar "Nyadobru" {protect, rPois rC+} (Okawaru gifted it to you on level 2 of the Elven Halls)
 54955 | Elf:2    | Reached skill level 25 in Shields
 55069 | Elf:2    | Gained mutation: Your spells are a little easier to cast, but a little less powerful. [a neqoxec]
 56140 | Elf:3    | Entered Level 3 of the Elven Halls
 56156 | Elf:3    | Found a flickering gateway to a bazaar.
 56166 | Bazaar   | Entered a bazaar
 56170 | Bazaar   | Found Ekhir's Jewellery Boutique.
 56188 | Bazaar   | Found Leraqiy's Antique Armour Emporium.
 56193 | Bazaar   | Bought a pair of heavily runed boots for 142 gold pieces
 56205 | Bazaar   | Identified the +0 pair of boots "Qengil Zonask" {rC+ MR+ Str+3} (You bought it in a shop in a bazaar)
 56219 | Bazaar   | Found Ikyxawk's Book Boutique.
 56237 | Bazaar   | Found Qybedgh's Jewellery Shoppe.
 58352 | Vaults:2 | Reached XP level 20. HP: 188/188 MP: 21/21
 58819 | Vaults:2 | Received a gift from Okawaru
 60411 | Vaults:2 | Paralysed by a Zot trap for 5 turns
 60784 | Vaults:2 | Found a staircase to the Crypt.
 61277 | Elf:3    | Found a shimmering altar of Xom.
 62496 | Elf:2    | HP: 3/189 [deep elf high priest/a malign offering (23)]
 63188 | Elf:3    | Reached skill level 26 in Shields
 63258 | Elf:3    | Received a gift from Okawaru
 63261 | Elf:3    | Got a spiked shield {god gift}
 63286 | Elf:2    | Identified the +0 shield "Zaupolapn" {rC+ Int+4} (Okawaru gifted it to you on level 3 of the Elven Halls)
 64328 | Elf:2    | HP: 9/189 [acid (16)]
 64329 | Elf:2    | Mangled by an earth elemental

Skill      XL: |  1  2  3  4  5  6  7  8  9 10 11 12 13 14 15 16 17 18 19 20 |
---------------+-------------------------------------------------------------+-----
Shields        | 4 5 6 8 9 11 12 14 15 17 19 20 22 23 25 26 | 26.2
Armour         | 4 5 6 7 8 9 11 12 13 14 15 16 17 | 17.3
Dodging        | 1 2 3 4 5 6 7 8 |  8.2
Long Blades    | 3 4 5 7 8 10 12 13 14 15 16 17 18 19 | 19.4
Fighting       | 4 5 6 7 8 10 11 12 14 15 16 17 18 | 18.8
Stealth        | 1 2 |  2.6
Invocations    | 1 2 3 |  3.3
Maces & Flails | 2 |  2.2
Evocations     | 1 |  1.7
Unarmed Combat | |  0.4

Action                   |  1- 3 |  4- 6 |  7- 9 | 10-12 | 13-15 | 16-18 | 19-21 || total
-------------------------+-------+-------+-------+-------+-------+-------+-------++-------
Melee: Long sword        |    78 |   171 |   433 |   907 |  1908 |  2569 |  1722 ||  7788
       Headbutt          |    10 |    42 |    82 |   199 |   519 |   768 |   571 ||  2191
       Whip              |       |       |       |    13 |     9 |       |       ||    22
       Unarmed           |       |       |       |       |     5 |       |       ||     5
       Scimitar          |       |       |       |       |       |       |   121 ||   121
Invok: Heroism           |       |       |     1 |    11 |     9 |    14 |    12 ||    47
 Abil: Evoke Flight      |       |       |       |     2 |     5 |       |       ||     7
Evoke: Wand              |       |       |       |       |       |       |     4 ||     4
  Use: Scroll            |       |     4 |     7 |     9 |    15 |    11 |     8 ||    54
       Potion            |       |       |     4 |     4 |     3 |     9 |     3 ||    23
 Stab: Confused          |       |       |       |       |       |     1 |       ||     1
  Eat: Chunk             |       |     8 |    13 |    26 |    39 |    35 |    25 ||   146
       Pizza             |       |       |     1 |       |     3 |     1 |       ||     5
       Fruit             |       |       |       |     4 |     3 |     9 |       ||    16
       Beef jerky        |       |       |       |     3 |     1 |     3 |       ||     7
       Royal jelly       |       |       |       |       |     1 |    10 |       ||    11
       Meat ration       |       |       |       |       |       |       |     5 ||     5
Armor: Scale mail        |    38 |       |       |       |       |       |       ||    38
       Chain mail        |    14 |    69 |   184 |   222 |   492 |   434 |       ||  1415
       Crystal plate arm |       |       |       |       |       |   330 |   628 ||   958
Dodge: Dodged            |    29 |    33 |   112 |   150 |   510 |   915 |   189 ||  1938
Block: Shield            |    61 |   112 |   328 |   569 |  1426 |  1640 |       ||  4136
       Large shield      |       |       |       |       |       |   683 |  1774 ||  2457
       Rpst.: Long sword |     8 |    10 |    26 |    44 |   101 |   148 |    32 ||   369
       Scimitar          |       |       |       |       |       |       |     1 ||     1
